 Dungeon Crawl Stone Soup version 0.24-a0-375-g4de66ed42b (webtiles) character file.

Game seed: 7704907274863404952

298 emperorscorpion the Skirmisher (level 6, -3/49 HPs)
             Began as a Demonspawn Berserker on May 31, 2019.
             Was a Believer of Trog.
             Slain by a water moccasin (4 damage)
             ... on level 5 of the Dungeon.
             The game lasted 00:05:27 (543 turns).

emperorscorpion the Skirmisher (DsBe)                Turns: 543, Time: 00:05:27

Health: -3/49      AC:  6    Str: 20    XL:     6   Next: 13%
Magic:  6/6        EV: 13    Int:  8    God:    Trog [**....]
Gold:   0          SH:  0    Dex: 12    Spells: 5/5 levels left

rFire    . . .     SeeInvis .   a - +0 spear
rCold    . . .     Gourm    .   (no shield)
rNeg     . . .     Faith    .   g - +0 scale mail
rPois    .         Spirit   .   (no helmet)
rElec    .         Reflect  .   (no cloak)
rCorr    .         Harm     .   (no gloves)
MR       ++...                  (no boots)
Stlth    ..........             (no amulet)
HPRegen  1.16/turn              (no ring)
MPRegen  0.10/turn              (no ring)

@: lethally poisoned (-3 -> -9), berserk cooldown, regenerating, slowed, very
slow
A: hooves 1, repulsion field 1, powered by death 2
a: Berserk, Trog's Hand, Renounce Religion


You were on level 5 of the Dungeon.
You worshipped Trog.
Trog was pleased with you.
You were hungry.

You visited 1 branch of the dungeon, and saw 5 of its levels.

Inventory:

Hand Weapons
 a - a +0 spear (weapon)
Missiles
 e - 11 bolts
Armour
 b - a +0 animal skin
 g - a +0 scale mail (worn)
Wands
 f - a wand of iceblast (13)
Scrolls
 h - a scroll of identify {unknown}
Comestibles
 c - 4 rations
 d - 4 chunks of flesh


   Skills:
 + Level 4.5 Fighting
 + Level 4.5 Polearms
 + Level 2.6 Armour
 + Level 2.7 Dodging
 + Level 0.5 Stealth


You had 5 spell levels left.
You didn't know any spells.
Your spell library was empty.

Dungeon Overview and Level Annotations

Branches:
Dungeon (5/15)
 Temple: D:4-7

Altars:


Innate Abilities, Weirdness & Mutations

You have large cloven feet.
You are surrounded by a mild repulsion field. (EV +2)
You regenerate health from kills.


Message History

* * * LOW HITPOINT WARNING * * *
You feel very sick. The water moccasin bites you.
* * * LOW HITPOINT WARNING * * *
The water moccasin closely misses you.
Unknown command.
You miss the water moccasin. Your kick misses the water moccasin.
The water moccasin is severely wounded.
* * * LOW HITPOINT WARNING * * *
You feel very sick. The water moccasin misses you.
The water moccasin barely misses you.
Unknown command.
Unknown command.
You hit the water moccasin.
You kick the water moccasin, but do no damage.
The water moccasin is severely wounded.
* * * LOW HITPOINT WARNING * * *
You feel very sick. The water moccasin bites you.
You die...

#......#...#####
#......#...# .
#......#...#
#..#......##S####
...............o#
##.###.†...#.##S#
#.....#.##s#
#.....#+##S#
#..†......@.#
...#..$(......#
..#..#..........#
#.# ###.###....#
..⌠ ... #..$.. ..
... #.?.##.
......## . .#.. #


You could see a water moccasin, a scorpion, an adder and an orc.

Vanquished Creatures
  An ice beast (D:5)
  A phantom (D:5)
  An iguana (D:5)
  A worker ant (D:5)
  3 gnolls (D:2)
  An adder (D:2)
  An ooze (D:1)
  An adder skeleton (D:4)
  A worm (D:5)
  A dart slug (D:4)
  2 bats (D:2)
  3 giant cockroaches
  A goblin (D:2)
  2 hobgoblins (D:2)
  4 frilled lizards
  2 kobolds (D:2)
  4 rats
30 creatures vanquished.

Notes
Turn   | Place    | Note
-------+----------+-------------------------------------------
     0 | D:1      | emperorscorpion the Demonspawn Berserker began the quest
                  | for the Orb.
     0 | D:1      | Reached XP level 1. HP: 18/18 MP: 1/1
   153 | D:2      | Gained mutation: You have large cloven feet. [demonic
                  | ancestry]
   153 | D:2      | Reached XP level 2. HP: 24/24 MP: 2/2
   231 | D:2      | Gained mutation: You are surrounded by a mild repulsion
                  | field. (EV +2) [demonic ancestry]
   231 | D:2      | Reached XP level 3. HP: 25/29 MP: 3/3
   398 | D:4      | Reached ** piety under Trog
   442 | D:5      | Entered Level 5 of the Dungeon
   442 | D:5      | Noticed an ice beast
   447 | D:5      | Killed an ice beast
   447 | D:5      | Gained mutation: You regenerate a little health from kills.
                  | [demonic ancestry]
   447 | D:5      | Reached XP level 4. HP: 33/37 MP: 4/4
   447 | D:5      | Gained mutation: You regenerate health from kills. [demonic
                  | ancestry]
   447 | D:5      | Reached XP level 5. HP: 38/42 MP: 5/5
   505 | D:5      | Noticed a phantom
   513 | D:5      | Killed a phantom
   513 | D:5      | Reached XP level 6. HP: 49/49 MP: 6/6
   517 | D:5      | Noticed a water moccasin
   543 | D:5      | HP: 1/49 [poisoned by a water moccasin]
   543 | D:5      | Slain by a water moccasin

Levels and vault maps discovered:
D:1:      minmay_arrival_five_plusses, layout_basic
D:2:      layout_loops_ring, first_ration
D:3:      layout_basic, portal_sewer_entry_e, uniq_purgy
D:4:      layout_gridville, lemuel_doored_altar, nicolae_overflow_crystal_walls,
          hangedman_ru_absence, grunt_ministairs_3
D:5:      cheibrodos_fzero, layout_basic, xom_teletrap_fun,
          lemuel_blue_sif_altar, minmay_chambers_of_fives

Skill      XL: |  1  2  3  4  5 |
---------------+----------------+-----
Polearms       | 3 4 |  4.5
Dodging        | 2 |  2.7
Armour         | 2 |  2.6
Fighting       | 4 |  4.5
Stealth        | |  0.5

Action                   |  1- 3 |  4- 6 || total
-------------------------+-------+-------++-------
Melee: Spear             |    60 |    36 ||    96
       Kick              |    11 |    10 ||    21
Invok: Berserk           |     4 |     1 ||     5
       Trog's Hand       |       |     1 ||     1
  Use: Potion            |       |     2 ||     2
  Eat: Chunk             |     1 |     2 ||     3
Armor: Animal skin       |     2 |       ||     2
       Scale mail        |     6 |     7 ||    13
Dodge: Dodged            |    30 |    21 ||    51

Table legend:
 A = Non-vault XP
 B = Vault XP
 C = Vault XP percentage of total XP
 D = Non-vault monster count
 E = Vault monster count
 F = Vault count percentage of total count
                 A         B        C        D         E       F
            +---------+---------+-------+---------+---------+-------
      Total |     427 |       0 |   0.0 |      30 |       0 |   0.0
            +---------+---------+-------+---------+---------+-------
        D:1 |      10 |       0 |   0.0 |       4 |       0 |   0.0
        D:2 |      76 |       0 |   0.0 |      16 |       0 |   0.0
        D:4 |      10 |       0 |   0.0 |       3 |       0 |   0.0
        D:5 |     331 |       0 |   0.0 |       7 |       0 |   0.0
            +---------+---------+-------+---------+---------+-------
